 Dungeon Crawl Stone Soup version 0.22-a0-558-gc224181 (webtiles) character file.

2776 kae the Insei (level 9, -2/68 HPs)
             Began as a Demonspawn Transmuter on June 26, 2018.
             Slain by a wraith (4 damage)
             ... in an ossuary.
             The game lasted 00:07:30 (8592 turns).

kae the Insei (Demonspawn Transmuter)               Turns: 8592, Time: 00:07:31

Health: -2/68      AC:  2    Str: 12    XL:     9   Next: 42%
Magic:  14/16      EV: 21    Int: 14    God:
Gold:   354        SH:  0    Dex: 25    Spells: 12/18 levels left

rFire    . . .     SeeInvis .     - Unarmed
rCold    . . .     Gourm    .   (shield currently unavailable)
rNeg     . . .     Faith    .   (armour currently unavailable)
rPois    .         Spirit   .   (helmet currently unavailable)
rElec    .         Reflect  .   (cloak currently unavailable)
rCorr    .         Harm     .   (gloves currently unavailable)
MR       .....                  (boots currently unavailable)
Stlth    +++.......             (no amulet)
HPRegen  0.21/turn              o - ring of wizardry
MPRegen  0.15/turn              j - ring of poison resistance

@: spider-form (expiring), slowed, very slow
A: tiny, thin skeletal structure 2, demonic guardian 1
a: End Transformation


You were in an ossuary.
You were near starving.
You were a venomous arachnid creature.
You visited 2 branches of the dungeon, and saw 9 of its levels.
You also visited: Ossuary.

You collected 354 gold pieces.

Inventory:

Missiles
 a - 101 arrows
Armour
 b - a +0 robe
 i - a +0 leather armour
 n - a +0 cloak (melded)
 w - a +2 scale mail of positive energy (melded)
Jewellery
 f - a +1 ring of protection
 j - a ring of poison resistance (right front leg)
 k - an uncursed ring of fire
 l - an uncursed ring of protection from magic
 m - a +3 ring of intelligence
 o - a ring of wizardry (left front leg)
 q - the ring of Tiphoreo {+Fly Dex+3, unknown}
   (You found it on level 7 of the Dungeon)

   [ring of flight]

   It affects your dexterity (+3).
   It lets you fly.
Wands
 r - a wand of paralysis (15)
 x - a wand of scattershot (8)
 B - a wand of flame (31)
 C - a wand of disintegration (13)
Scrolls
 e - 7 scrolls of remove curse
 g - 6 scrolls of identify
 h - a scroll of magic mapping
 s - a scroll of enchant armour {unknown}
 v - a scroll of teleportation
 y - 2 scrolls of fog {unknown}
Potions
 c - 4 potions of curing
 p - a potion of brilliance
 t - a potion of degeneration {unknown}
 u - a potion of berserk rage {unknown}
 z - a potion of haste {unknown}
 A - 2 potions of mutation {unknown}
Comestibles
 d - 13 rations


   Skills:
 + Level 5.1 Fighting
 + Level 1.5 Armour
 + Level 2.5 Dodging
 * Level 7.2 Unarmed Combat
 + Level 5.0 Spellcasting
 * Level 7.0 Transmutations


You had 12 spell levels left.
You knew the following spells:

 Your Spells              Type           Power        Failure   Level  Hunger
a - Beastly Appendage     Tmut           ###...       2%          1    None
b - Sticks to Snakes      Tmut           ###.....     2%          2    ##.....
c - Spider Form           Tmut/Pois      ##........   12%         3    ###....

Your spell library contained the following spells:

 Spells                   Type           Power        Failure   Level  Hunger
 Apportation              Tloc           #.....       16%         1    None
 Lightning Bolt           Conj/Air       #.........   93%         5    ######.
 Summon Small Mammal      Summ           #...         16%         1    None
 Animate Skeleton         Necr           N/A          16%         1    None
 Shock                    Conj/Air       #...         16%         1    None
 Swiftness                Chrm/Air       #.......     21%         2    ##.....
 Blade Hands              Tmut           ###.......   21%         5    ######.
 Ice Form                 Ice/Tmut       ##......     30%         4    ####...
 Airstrike                Air            #.........   69%         4    ####...
 Confusing Touch          Hex            #.....       16%         1    None
 Static Discharge         Conj/Air       #.......     34%         3    ###....


Dungeon Overview and Level Annotations

Branches:
Dungeon (8/15)             Temple (1/1) D:7
   Lair: D:8-11

Altars:
Ashenzari
Cheibriados
Dithmenos
Elyvilon
Fedhas
Gozag
Hepliaklqana
Kikubaaqudgha
Makhleb
Nemelex Xobeh
Okawaru
Qazlal
Ru
Sif Muna
Trog
Uskayaw
Vehumet
Wu Jian
Xom
Yredelemnul
Zin
The Shining One

Annotations:
D:8 Maurice


Innate Abilities, Weirdness & Mutations

((You have very sharp fingernails.))
You have a moderately thin skeletal structure. (Dex +4, Stealth+)
A weak demonic guardian rushes to your aid.
((Your flesh is heat resistant. (rF+)))


Message History

The wraith is heavily damaged.
The wraith hits you!
* * * LOW HITPOINT WARNING * * *
The wraith drains your vigour!
You feel as though you will be slow longer.
Your shadow imp barely misses the wraith.
You hit the wraith.
The wraith is heavily damaged.
The wraith misses you.
Your shadow imp barely misses the wraith.
You bite the wraith!
The wraith is almost destroyed.
The wraith barely misses you.
Your shadow imp hits the wraith.
Okay, then.
You catch the helpless wraith completely off-guard!
You hit the wraith but do no damage.
The wraith is almost destroyed.
Your transformation is almost over.
The wraith hits you.
You die...

#.###.....###.#
#.#z#.....#z#.#
#.###.....###.#
#.............#
#.............#
#.###.###.###.#
#.#.#.# #.# #
#.W##.###.##+.#
#s.5..........#
#######'#######
#.# ###.###
#z▓.▓W# ###.###
#.# #'# #.#


You could see a wraith, a flying skull and a friendly shadow imp.

Vanquished Creatures
  A hippogriff (D:8)
  A wraith (Ossuary)
  An ice beast (D:7)
  2 ogres
  4 sky beasts
  2 centaurs
  A necrophage (D:8)
  A big kobold (D:7)
  3 bullfrogs
  A scorpion (D:7)
  2 wights (Ossuary)
  3 howler monkeys (D:7)
  2 crimson imps
  A bullfrog zombie (D:6)
  A centaur skeleton (D:4)
  2 hounds
  An orc priest (D:6)
  A bullfrog skeleton (D:5)
  2 orc wizards (D:8)
  An iguana (D:8)
  3 worker ants
  10 gnolls
  6 adders
  A shadow imp (D:5)
  3 oozes
  2 worms (D:2)
  2 dart slugs (D:1)
  4 leopard geckos
  15 orcs
  5 giant cockroaches
  12 goblins
  6 hobgoblins
  4 jackals (D:7)
  2 quokkas
  2 ball python skeletons (Ossuary)
  10 bats
  6 frilled lizards
  A hobgoblin skeleton (Ossuary)
  A hobgoblin zombie (Ossuary)
  10 kobolds
  A kobold zombie (Ossuary)
  2 orc skeletons (Ossuary)
  2 orc zombies (Ossuary)
  A quokka skeleton (D:4)
  5 rats
149 creatures vanquished.

Vanquished Creatures (collateral kills)
  A spriggan (D:8)
  Duvessa (D:7)
  2 black bears
  An orc warrior (D:8)
  A centaur (D:5)
  Dowan (D:7)
  An adder (D:3)
  An adder skeleton (D:4)
  An orc (D:4)
  A bat (D:3)
11 creatures vanquished.

Grand Total: 160 creatures vanquished

Notes
Turn   | Place    | Note
-------+----------+-------------------------------------------
     0 | D:1      | kae the Demonspawn Transmuter began the quest for the Orb.
     0 | D:1      | Reached XP level 1. HP: 15/15 MP: 3/3
   588 | D:1      | Gained mutation: Your flesh is heat resistant. (rF+) [demonic ancestry]
   588 | D:1      | Reached XP level 2. HP: 20/21 MP: 3/5
  1164 | D:2      | Reached XP level 3. HP: 23/26 MP: 6/6
  1451 | D:2      | HP: 1/26 [worm (7)]
  2215 | D:2      | Learned a level 2 spell: Sticks to Snakes
  2219 | D:2      | Learned a level 3 spell: Spider Form
  2412 | D:3      | Gained mutation: You have a somewhat thin skeletal structure. (Dex +2, Stealth) [demonic ancestry]
  2412 | D:3      | Reached XP level 4. HP: 30/33 MP: 7/7
  2750 | D:3      | Noticed a phantom
  3269 | D:4      | Gained mutation: A weak demonic guardian rushes to your aid. [demonic ancestry]
  3269 | D:4      | Reached XP level 5. HP: 22/38 MP: 8/8
  3444 | D:4      | Noticed an ogre
  3459 | D:4      | Killed an ogre
  3989 | D:5      | Entered Level 5 of the Dungeon
  3998 | D:5      | Noticed a centaur
  4021 | D:5      | Killed a centaur
  4021 | D:5      | Gained mutation: You have sharp fingernails. [demonic ancestry]
  4021 | D:5      | Reached XP level 6. HP: 41/46 MP: 2/10
  4437 | D:5      | Noticed a sky beast
  4452 | D:5      | Killed a sky beast
  4729 | D:5      | Gained mutation: You have very sharp fingernails. [demonic ancestry]
  4729 | D:5      | Reached XP level 7. HP: 51/52 MP: 7/11
  5176 | D:5      | Reached skill level 5 in Unarmed Combat
  5513 | D:6      | Reached skill level 5 in Transmutations
  5820 | D:6      | Gained mutation: You have a moderately thin skeletal structure. (Dex +4, Stealth+) [demonic ancestry]
  5820 | D:6      | Reached XP level 8. HP: 43/60 MP: 9/13
  6875 | D:7      | Got a warped lapis lazuli ring
  6954 | D:7      | Found a staircase to the Ecumenical Temple.
  6996 | Temple   | Entered the Ecumenical Temple
  7208 | D:7      | Noticed Dowan
  7210 | D:7      | Noticed Duvessa
  7219 | D:7      | Killed Dowan
  7223 | D:7      | Killed Duvessa
  7810 | D:8      | Noticed a hippogriff
  7820 | D:8      | Killed a hippogriff
  7820 | D:8      | Reached XP level 9. HP: 35/67 MP: 12/16
  8013 | D:8      | Reached skill level 5 in Fighting
  8013 | D:8      | Reached skill level 1 in Armour
  8123 | D:8      | Noticed Maurice
  8157 | D:8      | Found an iron altar of Okawaru.
  8186 | D:8      | Found a sand-covered staircase.
  8191 | Ossuary  | Entered an ossuary
  8551 | Ossuary  | Reached skill level 5 in Spellcasting
  8589 | Ossuary  | HP: 2/68 [wraith (10)]
  8592 | Ossuary  | Slain by a wraith

Vault maps used:
D:1:      grunt_arrival_lava_bath
D:2:      first_ration
D:5:      mrwooster_statue_mirror
D:6:      minmay_stone_trees_small
D:7:      minmay_temple_entry_junction_2, uniq_duvessa
D:8:      basic_altar, enter_ossuary_2, the_bakery, st_stairs_4, uniq_grum,
          uniq_maurice
Temple:   kilobyte_greek_temple
Ossuary:  ossuary_due_cavern

Skill      XL: |  1  2  3  4  5  6  7  8  9 |
---------------+----------------------------+-----
Transmutations | 2 3 4 5 6 7 |  7.0
Unarmed Combat | 3 4 5 6 7 |  7.2
Fighting       | 2 3 4 5 |  5.1
Spellcasting   | 3 4 5 |  5.0
Dodging        | 2 |  2.5
Armour         | 1 |  1.5

Action                   |  1- 3 |  4- 6 |  7- 9 || total
-------------------------+-------+-------+-------++-------
Melee: Unarmed           |   189 |   122 |   262 ||   573
       Headbutt          |     4 |     4 |       ||     8
       Kick              |     7 |     1 |       ||     8
       Mace              |       |    45 |       ||    45
       Punch             |       |     3 |     5 ||     8
 Cast: Beastly Appendage |    12 |     7 |       ||    19
       Sticks to Snakes  |       |     5 |     5 ||    10
       Spider Form       |       |     6 |    26 ||    32
  Use: Scroll            |       |     8 |     6 ||    14
       Potion            |       |     1 |     1 ||     2
 Stab: Sleeping          |       |     1 |     8 ||     9
       Distracted        |       |     1 |     6 ||     7
  Eat: Chunk             |     5 |     6 |     7 ||    18
       Ration            |       |     1 |     2 ||     3
Armor: Robe              |    12 |       |       ||    12
       Leather armour    |    48 |    53 |    10 ||   111
       Skin              |       |     2 |     7 ||     9
       Scale mail        |       |       |     7 ||     7
Dodge: Dodged            |   139 |   143 |   177 ||   459

Table legend:
 A = Spawn XP
 B = Non-spawn XP
 C = Spawn XP percentage of total XP
 D = Spawn monster count
 E = Non-spawn monster count
 F = Spawn count percentage of total count
 G = Total turns spent on level
                    A         B        C        D         E        F      G
               +---------+---------+-------+---------+---------+-------+---------
         Total |       0 |    3966 |   0.0 |       0 |     160 |   0.0 |  8592
               +---------+---------+-------+---------+---------+-------+---------
           D:1 |       0 |      33 |   0.0 |       0 |      16 |   0.0 |  1052
           D:2 |       0 |      59 |   0.0 |       0 |      27 |   0.0 |  1335
           D:3 |       0 |      61 |   0.0 |       0 |      16 |   0.0 |   852
           D:4 |       0 |     218 |   0.0 |       0 |      19 |   0.0 |   750
           D:5 |       0 |     615 |   0.0 |       0 |      11 |   0.0 |  1405
           D:6 |       0 |     885 |   0.0 |       0 |      17 |   0.0 |  1168
           D:7 |       0 |     911 |   0.0 |       0 |      27 |   0.0 |  1117
           D:8 |       0 |     918 |   0.0 |       0 |      15 |   0.0 |   316
       Ossuary |       0 |     266 |   0.0 |       0 |      12 |   0.0 |   401
               +---------+---------+-------+---------+---------+-------+---------
